 Dungeon Crawl Stone Soup version 0.30.0-10-gfe55d96785 (webtiles) character file.

Game seed: 17470801202629578999

6850 McKennaii the Destroyer (level 10, -18/69 HPs)
             Began as a Demigod Conjurer on May 14, 2023.
             Killed from afar by a steam dragon (19 damage)
             ... with a ball of steam
             ... on level 8 of the Dungeon.
             The game lasted 00:12:04 (11473 turns).

McKennaii the Destroyer (Demigod Conjurer)         Turns: 11473, Time: 00:12:06

Health: -18/69     AC:  3    Str: 16    XL:     10   Next: 49%
Magic:  14/28      EV: 12    Int: 35    God:
Gold:   490        SH:  0    Dex: 12    Spells: 21/28 levels left

rFire   . . .        E - staff of conjuration "Xovima" {Will- Str+2 Int+3}
rCold   . . .        (no shield)
rNeg    . . .        a - +0 robe
rPois   .            (no helmet)
rElec   .            n - +0 cloak
rCorr   .            (no gloves)
SInv    .            (no boots)
Will    .....        (no amulet)
Stlth   ++           r - +6 ring of strength
HPRegen 0.31/turn    (no ring)
MPRegen 0.21/turn

%: no passive effects
@: studying Long Blades
A: high MP 1, forlorn, divine attributes
a: no special abilities


You were on level 8 of the Dungeon.
You visited 1 branch of the dungeon, and saw 8 of its levels.
You also visited: Bailey.

You collected 490 gold pieces.

Inventory:

Hand Weapons
 x - a +3 short sword
Armour
 a - a +0 robe (worn)
 n - a +0 cloak (worn)
 v - a +2 scale mail of positive energy
 y - the +5 chain mail "Mary" {Int+2 Dex+3}
   (You found it on level 6 of the Dungeon)

   Int:       It affects your intelligence (+2).
   Dex:       It affects your dexterity (+3).
Magical Staves
 E - the staff of conjuration "Xovima" (weapon) {Will- Str+2 Int+3}
   (You found it in a bailey)

   [staff of conjuration]

   Base accuracy: +5 Base damage: 5 Base attack delay: 1.2 This weapon's minimum
   attack delay (0.6) is reached at skill level 12.
   Str:       It affects your strength (+2).
   Int:       It affects your intelligence (+3).
   Will:      It decreases your willpower.
   It falls into the 'Staves' category.
   It is a one-handed weapon.
Jewellery
 r - a +6 ring of strength (left hand)
 G - a +6 ring of dexterity
Wands
 h - a wand of mindburst (3)
 p - a wand of iceblast (18)
 t - a wand of charming (16)
Scrolls
 c - 8 scrolls of teleportation
 g - 2 scrolls of immolation
 i - 4 scrolls of enchant weapon
 j - 2 scrolls of magic mapping
 l - a scroll of blinking
 m - 2 scrolls of poison {unknown}
 o - 2 scrolls of vulnerability {unknown}
 q - a scroll of brand weapon
 u - a scroll of noise {unknown}
 A - 2 scrolls of enchant armour
 C - a scroll of amnesia {unknown}
 D - 2 scrolls of fog {unknown}
Potions
 b - 2 potions of magic
 d - 6 potions of curing
 e - a potion of haste
 f - 3 potions of lignification
 k - 3 potions of cancellation
 s - a potion of brilliance
 w - 4 potions of mutation
 z - a potion of attraction
 B - 2 potions of heal wounds {unknown}
 F - a potion of experience
 H - a potion of might {unknown}


   Skills:
 + Level 4.4 Armour
 - Level 1.7 Dodging
 - Level 1.7 Stealth
 + Level 9.6 Spellcasting
 + Level 10.9 Conjurations


You had 21 spell levels left.
You knew the following spells:

 Your Spells              Type           Power      Damage    Failure   Level
a - Magic Dart            Conj           100%       1d8       1%          1
b - Searing Ray           Conj           100%       2d8       1%          2
c - Iskenderun's Mystic   Conj/Tloc      70%        2d14      2%          4

Your spell library contained the following spells:

 Spells                   Type           Power      Damage    Failure   Level
 Kiss of Death            Conj/Necr      100%       2d13      1%          1
 Dazzling Flash           Conj/Hex       100%       N/A       1%          3
 Stone Arrow              Conj/Erth      100%       3d13      1%          3
 Apportation              Tloc           32%        N/A       2%          1
 Beastly Appendage        Tmut           32%        N/A       2%          1
 Necrotise                Necr           64%        1d7       2%          1
 Sandblast                Erth           32%        2d9       2%          1
 Summon Small Mammal      Summ           64%        N/A       2%          1
 Fulminant Prism          Conj/Hex       35%        3d17      2%          4
 Passwall                 Tmut/Erth      13%        N/A       4%          2
 Wereblood                Tmut           16%        N/A       4%          2
 Confusing Touch          Hex            16%        N/A       8%          3
 Portal Projectile        Hex/Tloc       32%        N/A       8%          3
 Spider Form              Tmut/Pois      16%        N/A       8%          3
 Tukima's Dance           Hex            16%        N/A       8%          3
 Dispel Undead            Necr           16%        3d10      26%         4
 Blade Hands              Tmut           8%         N/A       58%         5


Dungeon Overview and Level Annotations

Branches:
Dungeon (8/15)             Temple (0/1) D:5          Bailey (visited)
   Lair: D:8-11

Shops:
D:7 (


Innate Abilities, Weirdness & Mutations

You have an increased reservoir of magic. (+10% MP)
You shall have no god before yourself.
Your divine heritage dramatically boosts your attributes as you level up.


Message History

The arrow hits you!
A steam dragon comes into view.
The searing ray hits the centaur!
You kill the centaur!
The searing ray hits the orc.
You kill the orc!
The searing ray hits the steam dragon.
The steam dragon is lightly wounded.
The steam dragon hisses angrily.
You finish channelling your searing ray.
You feel sick.
You are no longer poisoned.
The steam dragon breathes steam at you. The ball of steam hits you!
* * * LOW HITPOINT WARNING * * *
Unknown command.
Casting: Searing Ray (safe; 1% risk of failure)
Confirm with . or Enter, or press ? or * to list all spells.
You can't see any susceptible monsters within range! (Use Z to cast anyway.)
You start resting.
A steam dragon is nearby!
Casting: Searing Ray (safe; 1% risk of failure)
Confirm with . or Enter, or press ? or * to list all spells.
You feel a surge of power!
You erupt in a blast of force!
The mystic blast hits the steam dragon!
The steam dragon is heavily wounded.
The steam dragon is knocked back by the mystic blast.
The steam dragon slams into the tree!
The steam dragon is severely wounded.
The steam dragon breathes steam at you. The ball of steam hits you!
* * * LOW HITPOINT WARNING * * *
Unknown command.
Unknown command.
You feel better.
You are engulfed in a cloud of scalding steam.
* * * LOW HITPOINT WARNING * * *
The steam dragon breathes steam at you. The ball of steam hits you!!
You die...

♣♣.♣.♣.♣♣
♣.♣♣...♣
#.#.#######
♣♣♣♣...♣♣♣
♣)♣♣♣♣.♣
#.#.#......
♣♣♣.♣.♣♣♣♣)♣
♣.♣ #.#........
*♣..♣.♣♣.♣♣
♣♣.♣
#.###..###.
♣..♣♣...♣♣ ♣.♣♣
#......###.
*♣.♣♣♣♣♣♣♣ ♣♣.♣
#.#........
*♣..* ♣§♣♣
###......#.
♣.♣♣* ♣♣§♣
#.......... ♣.*
♣@♣♣
##>#.#.##.#.
*♣,* ****♣§♣
#...........
*,** *,*♣D♣♣
#......##.##
*,* ***,)§♣*
##..#.#.#....
**,* **,.D♣♣*
#...........#
**,** *$..,**
#.#.~≈~~~~~.#
*,,* *.!,,,*
##...≈#####~..
*>** *.,,,**
#..#[~#...#~..
*** **,,*,*
##..#.~#.∩.#~..


You could see a steam dragon (catching breath).

Vanquished Creatures
  An orc warlord (Bailey)
  An orc knight (Bailey)
  The ghost of NoOffense the Ruffian, a novice TrWn of Uskayaw (D:4)
  A hornet (D:8)
  5 spriggans (D:8)
  A wyvern (D:7)
  A water moccasin (D:7)
  An acid dragon (D:6)
  2 sky beasts
  2 ice beasts
  2 orc warriors (Bailey)
  3 black bears (D:6)
  3 ogres
  5 centaurs
  3 phantoms
  5 bullfrogs
  2 kobold brigands (D:8)
  A gnoll sergeant (D:6)
  5 scorpions
  7 wights
  9 bats (D:5)
  A vampire bat (D:5)
  A howler monkey (D:6)
  3 hounds
  3 jellies
  3 orc priests
  5 sleepcaps
  Natasha (thrice) (D:2)
  9 iguanas
  3 orc wizards
  A gnoll (Bailey)
  7 adders
  2 white imps
  A worm (D:2)
  3 dart slugs
  3 fire bats (D:5)
  28 orcs
  2 spectral bats (D:5)
  12 ball pythons
  3 bat skeletons (D:5)
  A bat zombie (D:5)
  9 endoplasms
  5 giant cockroaches
  13 goblins
  5 hobgoblins
  11 jackals
  24 kobolds
  2 quokkas
  A bat simulacrum (D:5)
  7 frilled lizards
  5 rats
  A spectral orc (D:5)
238 creatures vanquished.

Notes
Turn   | Place    | Note
-------+----------+-------------------------------------------
     0 | D:1      | McKennaii the Demigod Conjurer began the quest for the Orb.
     0 | D:1      | Reached XP level 1. HP: 14/14 MP: 5/5
   374 | D:1      | Reached XP level 2. HP: 20/20 MP: 1/7
   679 | D:1      | Reached skill level 4 in Conjurations
  1440 | D:2      | Reached XP level 3. HP: 26/26 MP: 3/9
  1885 | D:2      | Noticed Natasha
  1892 | D:2      | Killed Natasha
  2033 | D:2      | Noticed Natasha
  2042 | D:2      | Killed Natasha
  2043 | D:2      | Reached XP level 4. HP: 33/33 MP: 2/11
  2123 | D:2      | Noticed Natasha
  2127 | D:2      | Killed Natasha
  2931 | D:3      | Reached XP level 5. HP: 38/38 MP: 9/13
  3053 | D:3      | Reached skill level 5 in Conjurations
  3807 | D:4      | Learned a level 2 spell: Searing Ray
  3812 | D:4      | Learned a level 4 spell: Iskenderun's Mystic Blast
  3822 | D:4      | Noticed NoOffense's ghost (novice TrWn)
  3823 | D:4      | Found a runed translucent door.
  4286 | D:4      | Reached XP level 6. HP: 27/45 MP: 4/15
  4775 | D:4      | Reached skill level 6 in Conjurations
  4890 | D:5      | Entered Level 5 of the Dungeon
  5070 | D:5      | Reached skill level 5 in Spellcasting
  5070 | D:5      | Reached XP level 7. HP: 50/50 MP: 9/18
  5883 | D:5      | Found a staircase to the Ecumenical Temple.
  5994 | D:5      | Reached skill level 7 in Conjurations
  6643 | D:6      | Reached XP level 8. HP: 57/57 MP: 12/20
  6768 | D:6      | Identified the +5 chain mail "Mary" {Int+2 Dex+3}
  7115 | D:6      | Reached skill level 8 in Conjurations
  7796 | D:6      | Reached XP level 9. HP: 34/62 MP: 4/24
  7799 | D:6      | Reached skill level 9 in Conjurations
  8402 | D:4      | Killed NoOffense's ghost
  8710 | D:7      | Found Ceolotac's Antique Weapon Emporium.
  9351 | D:7      | Reached skill level 1 in Armour
  9351 | D:7      | Reached skill level 10 in Conjurations
 10184 | D:8      | Reached XP level 10. HP: 58/69 MP: 17/27
 10410 | D:8      | Found a flagged portal.
 10422 | Bailey   | Entered a bailey
 10571 | Bailey   | Noticed an orc warlord
 10850 | Bailey   | Found a runed translucent gate.
 10850 | Bailey   | Found a runed translucent gate.
 10850 | Bailey   | Found a runed translucent gate.
 10865 | Bailey   | Noticed an orc knight
 10874 | Bailey   | Killed an orc knight
 11093 | Bailey   | Killed an orc warlord
 11116 | Bailey   | Identified the staff of conjuration "Xovima" {Will- Str+2
                  | Int+3}
 11472 | D:8      | HP: 3/69 [steam dragon/ball of steam (14)]
 11473 | D:8      | HP: 1/69 [steam dragon] (8)]
 11473 | D:8      | Killed from afar by a steam dragon

Illustrated notes

Levels and vault maps discovered:
D:1:      amcnicky_arrival_flooded_fountain, layout_loops_ring
D:2:      layout_loops_corners, minmay_randomly_rotated_circles, uniq_natasha
D:3:      layout_loops_ring, nicolae_overflow_ecumenical_swirl,
          mainiacjoe_overflow_surrounded_room, minmay_vboxes
D:4:      layout_basic, hellmonk_ghost_happy_afterlife
D:5:      nicolae_cairo_tiling_large_dashed, layout_basic,
          nzn_hepliaklqana_mist_gate, yredelemnul_forgotten_temple_becter,
          minmay_temple_entry_glassed_door, goddamned_bats
D:6:      minmay_octagon_keep, layout_loops_cross, minmay_manual_maat
D:7:      layout_basic, serial_shops, shop
D:8:      kb_forest_paths, layout_basic, mainiacjoe_overflow_catwalk,
          enter_bailey_3

Skill      XL: |  1  2  3  4  5  6  7  8  9 10 |
---------------+-------------------------------+-----
Spellcasting   | 2 3 4 5 6 7 9 |  9.6
Conjurations   | 4 5 6 7 8 10 | 10.9
Armour         | 2 4 |  4.4
Dodging        | |  1.7
Stealth        | |  1.7

Action                     |  1- 3 |  4- 6 |  7- 9 | 10-12 || total
---------------------------+-------+-------+-------+-------++-------
  Melee: Short sword       |       |       |     4 |    21 ||    25
         Punch             |       |       |       |     2 ||     2
   Cast: Magic Dart        |    94 |   151 |   155 |    31 ||   431
         Searing Ray       |       |     5 |    61 |    21 ||    87
         Iskenderun's Myst |       |       |     3 |    10 ||    13
  Evoke: Wand              |       |       |       |     5 ||     5
    Use: Scroll            |       |       |    13 |       ||    13
         Potion            |       |       |       |     2 ||     2
 Armour: Robe              |     2 |     6 |    18 |     2 ||    28
  Dodge: Dodged            |     6 |    20 |    83 |    26 ||   135
